 Dungeon Crawl Stone Soup version 0.21-a0-498-g1b60429 (webtiles) character file.

168677 mortelune the Bludgeoner (level 17, 0/112 HPs)
             Began as a Gargoyle Fighter on Nov 25, 2017.
             Was an Elder of Qazlal.
             Slain by a tentacle (15 damage)
             ... attached to a kraken
             ... on level 4 of the Shoals.
             The game lasted 02:07:08 (35697 turns).

mortelune the Bludgeoner (Gargoyle Fighter)        Turns: 35697, Time: 02:07:09

Health: 0/112      AC: 41    Str: 27    XL:     17   Next: 65%
Magic:  27/27      EV: 11    Int: 14    God:    Qazlal [****..]
Gold:   43         SH: 23    Dex: 10    Spells: 16/25 levels left

rFire    . . .     SeeInvis +   X - +0 morningstar
rCold    + + +     Gourm    +   V - +0 large shield
rNeg     + . .     Faith    .   G - +1 plate armour {rPois}
rPois    ∞         Spirit   .   s - +1 helmet {Int+3}
rElec    +         Reflect  .   x - +1 cloak {MR+}
rCorr    .         Harm     .   U - +2 pair of gloves {Str+3}
MR       ++++.                  M - +0 pair of boots
Stlth    ..........             o - amulet of the gourmand
HPRegen  0.28/turn              w - ring "Ocoypn" {rPois rC+++ MR++ SInv}
MPRegen  0.20/turn              B - +4 ring of evasion

@: flying, repel missiles
A: big wings, negative energy resistance 1, electricity resistance, unbreathing,
petrification resistance, rot immunity, AC +12
}: 1/15 runes: barnacled
a: Stop Flying, Upheaval, Elemental Force, Renounce Religion


You were on level 4 of the Shoals.
You worshipped Qazlal.
Qazlal was greatly pleased with you.
You were not hungry.

You visited 5 branches of the dungeon, and saw 27 of its levels.
You also visited: Sewer, Bailey and Ice Cave.

You collected 3249 gold pieces.
You spent 3206 gold pieces at shops.

Inventory:

Hand Weapons
 a - the +10 mace "Z" {flame, rPois}
   (You found it on level 9 of the Dungeon)

   It has been specially enchanted to burn those struck by it, causing extra
   injury to most foes and up to half again as much damage against particularly
   susceptible opponents.
   It protects you from poison.
 Q - a +3 flail of holy wrath
 X - a +0 morningstar (weapon)
Missiles
 t - 12 throwing nets (quivered)
Armour
 c - a +0 shield
 s - a +1 helmet of intelligence (worn)
 v - a +3 plate armour of cold resistance
 x - a +1 cloak of magic resistance (worn)
 G - a +1 plate armour of poison resistance (worn)
 M - a +0 pair of boots (worn)
 U - a +2 pair of gloves of strength (worn)
 V - a +0 large shield (worn)
Jewellery
 o - an amulet of the gourmand (around neck)
 q - an uncursed ring of protection from cold
 w - the ring "Ocoypn" (left hand) {rPois rC+++ MR++ SInv}
   (You found it on level 13 of the Dungeon)

   [ring of poison resistance]

   It renders you almost immune to cold.
   It protects you from poison.
   It affects your resistance to hostile enchantments.
   It lets you see invisible.
 B - a +4 ring of evasion (right hand)
 I - an uncursed ring of protection from cold
 O - an uncursed ring of resist corrosion
Wands
 n - a wand of digging (7)
 z - a wand of flame (75)
 J - a wand of disintegration (64)
 R - a wand of paralysis (69)
 S - a wand of random effects (16)
 W - a wand of polymorph (32)
 Y - a wand of iceblast (4)
Scrolls
 d - 10 scrolls of fear
 i - a scroll of holy word
 k - 9 scrolls of identify
 m - 5 scrolls of teleportation
 p - 14 scrolls of remove curse
 u - 5 scrolls of enchant armour
 y - a scroll of summoning
 D - 9 scrolls of enchant weapon
 E - 4 scrolls of amnesia
 K - 5 scrolls of fog
Potions
 b - 4 potions of might
 h - 4 potions of haste
 j - a potion of invisibility
 l - 3 potions of cancellation
 A - 6 potions of curing
 C - 4 potions of mutation
 H - 5 potions of brilliance
 L - 3 potions of magic
 N - 2 potions of ambrosia
 P - 2 potions of agility
Miscellaneous
 e - a phantom mirror
 T - a lamp of fire
 Z - a box of beasts
Comestibles
 f - 21 bread rations
 g - 8 meat rations
 r - 17 fruits
 F - 13 royal jellies


   Skills:
 + Level 14.6 Fighting
 - Level 16.9 Maces & Flails
 + Level 14.7 Armour
 + Level 4.3 Dodging
 + Level 10.1 Shields
 + Level 4.7 Spellcasting
 - Level 5.0 Translocations
 + Level 14.0 Invocations


You had 16 spell levels left.
You knew the following spells:

 Your Spells              Type           Power        Failure   Level  Hunger
a - Blink                 Tloc           N/A          83%         2    ##.....
b - Passage of Golubria   Tloc           N/A          100%        4    ####...
c - Lesser Beckoning      Tloc           ###.......   97%         3    ###....


Dungeon Overview and Level Annotations

Branches:
Dungeon (14/15)            Temple (0/1) D:7            Lair (6/6) D:10
 Shoals (4/4) Lair:4       Spider (0/4) Lair:3        Slime (0/5) Lair:6
    Orc (2/2) D:9             Elf (1/3) Orc:2        Vaults (0/5) D:14

Altars:
Cheibriados
Elyvilon
Fedhas
Gozag
Kikubaaqudgha
Makhleb
Nemelex Xobeh
Qazlal
Sif Muna
Trog
Uskayaw
Vehumet
Xom
Yredelemnul
Zin
The Shining One
Beogh
Jiyva

Shops:
D:13 =   D:14 *   Orc:2 :[[(   Shoals:3 *   Shoals:4 ?

Annotations:
Lair:4 exclusion: 2 oklob plants
Lair:6 1 runed door


Innate Abilities, Weirdness & Mutations

You are resistant to torment.
Your stone body is resilient. (AC +12)
You are immune to poison.
Your large and strong wings let you fly indefinitely.
You resist negative energy. (rN+)
You are resistant to electric shocks. (rElec)
You can survive without breathing.
You are immune to petrification.
You are immune to rotting.


Message History

The kraken is heavily wounded.
You block the tentacle's attack. x2; The kraken barely misses you.
You block the tentacle's attack.
The tentacle slaps you but does no damage.
You bludgeon the kraken!!
The kraken is severely wounded.
The tentacle slaps you!
* * * LOW HITPOINT WARNING * * *
You block the tentacle's attack. x3; You block the kraken's attack.
The tentacle slaps you but does no damage.
The tentacle slaps you!
* * * LOW HITPOINT WARNING * * *
The tentacle barely misses you. You block the tentacle's attack. x2
The tentacle slaps you but does no damage. x3
You block the tentacle's attack. The tentacle slaps you.
* * * LOW HITPOINT WARNING * * *
The tentacle is struck by lightning. x2; You block the tentacle's attack.
The tentacle slaps you!
You die...

≈≈≈≈≈≈≈≈≈≈≈≈≈≈≈≈≈≈≈≈≈≈
≈≈≈≈≈≈≈≈≈≈≈≈≈≈≈≈≈≈≈≈≈≈
≈≈≈≈≈≈≈≈≈≈≈≈≈≈≈≈≈≈≈≈≈≈
≈≈≈≈≈≈≈≈≈≈≈≈≈≈≈≈≈≈≈≈≈≈
≈≈≈≈≈≈≈≈X≈≈≈≈≈≈≈≈≈≈≈≈≈
≈≈≈≈≈≈≈≈§≈≈≈≈.....≈≈≈≈
≈≈≈≈≈≈≈≈§w§.......≈...
≈≈≈≈≈..§§w@...........
≈≈≈≈..≈#.###........≈≈
≈≈≈..#######........≈≈
≈≈.≈#≈≈# #.###......≈≈
#≈≈≈≈≈ ≈≈≈≈.
.##......≈≈ #≈≈≈≈ ≈≈#≈
.# #......≈≈ #≈≈≈≈ #≈≈
.≈ #......≈≈ #≈≈≈≈
##.#.#.###......≈≈
#≈≈≈≈≈
#...≈...##......≈≈


You could see a kraken and 2 tentacles.

Vanquished Creatures
  Saint Roka (Orc:1)
  Polyphemus (Shoals:3)
  Kirke (Shoals:1)
  Ilsuiw (Shoals:4)
  A frost giant (Shoals:4)
  Louise (Shoals:3)
  A reaper (IceCv)
  Nessos (Lair:6)
  8 merfolk javelineers
  9 merfolk impalers
  5 hydras
  2 merfolk avatars
  A catoblepas (Shoals:3)
  5 merfolk aquamancers
  8 two-headed ogres
  A tengu warrior (D:13)
  The ghost of Voxish the Nimble, a journeyman KoAr of Okawaru (D:9)
  5 satyrs
  The ghost of sagitran the Zephyrmancer, a journeyman TeAE of Vehumet (Orc:2)
  An ogre mage (D:14)
  2 orc high priests
  6 death yaks
  14 sea snakes
  Pikel (D:8)
  A deep elf archer (D:14)
  9 harpies
  2 orc sorcerers
  4 orc knights
  5 fauns
  2 oklob plants (Lair:4)
  4 deep elf magi
  A wolf spider (D:13)
  12 manticores
  20 ugly things
  4 cyclopes
  3 black mambas
  4 merfolk sirens
  7 water nymphs
  14 elephants
  2 torpor snails (Lair:6)
  2 ice statues (IceCv)
  12 spiny frogs
  3 centaur zombies
  4 gargoyles
  A yaktaur (D:13)
  7 ice devils (IceCv)
  7 rime drakes
  4 komodo dragons
  A demonic crawler (Lair:3)
  A freezing wraith (D:14)
  2 tengu conjurers (D:14)
  5 polar bears
  8 trolls
  3 wind drakes
  5 hornets
  29 merfolk
  12 hippogriffs
  2 dream sheep (Shoals:3)
  10 snapping turtles
  The ghost of mortelune the Skirmisher, an amateur GrFi (D:4)
  12 blink frogs
  Sigmund (D:3)
  A tarantella (shapeshifter) (D:14)
  A shadow (D:11)
  3 wyverns
  11 water elementals
  44 yaks
  A wraith (D:11)
  A human (D:9)
  3 hogs (D:9)
  4 basilisks
  A hungry ghost (D:13)
  6 vampire mosquitoes
  An acid dragon (D:14)
  A warg (Orc:1)
  12 water moccasins
  4 sky beasts
  Purgy (Sewer)
  14 porcupines
  6 phantoms
  2 black bears
  4 ice beasts
  36 orc warriors
  6 wolves
  7 centaurs
  2 necrophages (D:11)
  The ghost of Laiders the Slasher, an amateur HuFi (D:3)
  A boggart (D:14)
  15 ogres
  11 crocodiles
  4 big kobolds
  A wyvern zombie (D:13)
  13 bullfrogs
  A gnoll sergeant (D:7)
  4 scorpions
  10 wights
  10 killer bees
  8 howler monkeys
  An electric eel (Lair:5)
  9 crimson imps
  4 bullfrog zombies
  8 hounds
  3 jellies
  2 bullfrog skeletons
  21 orc priests
  6 centaur skeletons
  Jessica (D:3)
  Ijyb (D:3)
  10 iguanas
  31 orc wizards
  A hell rat (Lair:6)
  17 worker ants
  A hound zombie (D:8)
  3 hound skeletons
  A howler monkey zombie (D:6)
  36 gnolls
  12 adders
  A howler monkey skeleton (D:7)
  4 river rats
  7 shadow imps
  20 white imps
  6 ufetubi (IceCv)
  An ooze (D:7)
  An adder skeleton (D:6)
  An adder zombie (D:7)
  4 worms
  A dart slug (D:3)
  2 leopard geckos
  111 orcs
  3 ball pythons
  9 giant cockroaches
  13 hobgoblins
  26 jackals
  7 quokkas
  4 bats
  7 frilled lizards
  7 goblins
  13 kobolds
  A quokka zombie (D:7)
  13 rats
  A butterfly (Lair:4)
986 creatures vanquished.

Vanquished Creatures (collateral kills)
  Aizul (Shoals:1)
  A hydra (Lair:4)
  An alligator snapping turtle (Shoals:3)
  2 harpies
  A harpy (shapeshifter) (D:13)
  2 ugly things
  A deep elf mage (Orc:2)
  2 elephants (Lair:4)
  A manticore (Shoals:1)
  A merfolk siren (Shoals:1)
  A snapping turtle (Shoals:1)
  A wyvern (Lair:3)
  9 yaks
  A water moccasin (Lair:3)
  An orc warrior (Orc:1)
  An ice beast (D:13)
  2 wolves (Lair:4)
  2 wights (D:7)
  An orc priest (Orc:1)
  A jackal (D:11)
33 creatures vanquished.

Vanquished Creatures (others)
  An unseen horror (D:10)
  A deep elf mage (D:14)
  A yak (Lair:6)
  A fire elemental (Orc:2)
  A hog (Shoals:1)
  A human (Shoals:1)
  An ice beast (D:8)
  A slave (D:8)
  2 orc wizards (D:5)
  A howler monkey skeleton (D:5)
  5 white imps (IceCv)
  2 ufetubi (IceCv)
  3 orcs
  A bush (Lair:3)
  13 fungi
  10 plants
  2 tentacles (Shoals:4)
47 creatures vanquished.

Grand Total: 1066 creatures vanquished

Notes
Turn   | Place    | Note
-------+----------+-------------------------------------------
     0 | D:1      | mortelune the Gargoyle Fighter began the quest for the Orb.
     0 | D:1      | Reached XP level 1. HP: 14/14 MP: 1/1
   141 | D:1      | Reached XP level 2. HP: 19/19 MP: 2/2
  1016 | D:2      | Reached XP level 3. HP: 24/24 MP: 3/3
  1146 | D:2      | Reached skill level 3 in Maces & Flails
  1582 | D:3      | Reached XP level 4. HP: 29/29 MP: 4/4
  1677 | D:3      | Found a glowing drain.
  1682 | Sewer    | Entered a sewer
  1788 | Sewer    | Noticed Purgy
  1813 | Sewer    | Killed Purgy
  1813 | Sewer    | Reached skill level 4 in Maces & Flails
  1813 | Sewer    | Reached XP level 5. HP: 32/34 MP: 5/5
  1995 | D:3      | Noticed Laiders's ghost (amateur HuFi)
  2028 | D:3      | Noticed Sigmund
  2350 | D:3      | Noticed Jessica
  2371 | D:3      | Killed Jessica
  2371 | D:3      | Reached XP level 6. HP: 36/39 MP: 6/6
  2410 | D:3      | Found a stormy altar of Qazlal.
  2415 | D:3      | Noticed an air elemental
  2416 | D:3      | Noticed a fire elemental
  2416 | D:3      | Noticed a water elemental
  2437 | D:3      | Killed Sigmund
  2437 | D:3      | Reached skill level 5 in Maces & Flails
  2447 | D:3      | Became a worshipper of Qazlal Stormbringer
  2601 | D:3      | Reached skill level 5 in Fighting
  2601 | D:3      | Reached skill level 5 in Armour
  2609 | D:3      | Noticed Ijyb
  2640 | D:3      | Killed Ijyb
  2640 | D:3      | Reached XP level 7. HP: 15/44 MP: 7/7
  2863 | D:3      | Killed Laiders's ghost
  2863 | D:3      | Reached skill level 1 in Invocations
  3262 | D:4      | Found a bloodstained altar of Trog.
  3383 | D:4      | Found a sparkling altar of Nemelex Xobeh.
  3561 | D:4      | Noticed mortelune's ghost (amateur GrFi)
  3653 | D:4      | Killed mortelune's ghost
  3653 | D:4      | Reached skill level 6 in Maces & Flails
  3653 | D:4      | Reached XP level 8. HP: 20/50 MP: 9/9
  4522 | D:5      | Entered Level 5 of the Dungeon
  4810 | D:5      | Reached skill level 7 in Maces & Flails
  4958 | D:5      | Found a glowing silver altar of Zin.
  4966 | D:5      | Reached * piety under Qazlal
  5263 | D:5      | Reached XP level 9. HP: 56/56 MP: 11/11
  5318 | D:5      | Found a radiant altar of Vehumet.
  5610 | D:5      | Found a glowing golden altar of the Shining One.
  5804 | D:6      | Reached skill level 8 in Maces & Flails
  6054 | D:5      | Reached ** piety under Qazlal
  6409 | D:6      | Reached skill level 5 in Invocations
  6673 | D:6      | Reached *** piety under Qazlal
  7331 | D:7      | Reached skill level 9 in Maces & Flails
  7404 | D:7      | Found a burning altar of Makhleb.
  7428 | D:7      | Reached XP level 10. HP: 47/64 MP: 14/14
  7843 | D:7      | Found a flagged portal.
  7857 | Bailey   | Entered a bailey
  7913 | Bailey   | Noticed an orc knight
  7940 | Bailey   | Killed an orc knight
  8002 | Bailey   | Noticed an orc knight
  8012 | Bailey   | Killed an orc knight
  8177 | Bailey   | Found a bloodstained altar of Trog.
  8339 | D:7      | Reached skill level 10 in Maces & Flails
  8650 | D:7      | Found a hide-covered altar of Uskayaw.
  8667 | D:7      | Found an ancient bone altar of Kikubaaqudgha.
  8802 | D:7      | Found a staircase to the Ecumenical Temple.
  8986 | D:7      | Found a deep blue altar of Sif Muna.
  9084 | D:7      | Found an opulent altar of Gozag.
  9455 | D:8      | Noticed Pikel
  9461 | D:8      | Killed Pikel
  9857 | D:8      | Found a hide-covered altar of Uskayaw.
  9857 | D:8      | Found a basalt altar of Yredelemnul.
  9996 | D:9      | Found a shimmering altar of Xom.
  9997 | D:9      | Found a shimmering altar of Xom.
  9999 | D:9      | Found a shimmering altar of Xom.
  9999 | D:9      | Found a shimmering altar of Xom.
  9999 | D:9      | Found a shimmering altar of Xom.
 10000 | D:9      | Found a shimmering altar of Xom.
 10001 | D:9      | Found a shimmering altar of Xom.
 10001 | D:9      | Found a shimmering altar of Xom.
 10050 | D:9      | Noticed a black mamba
 10051 | D:9      | Got a pitted mace
 10052 | D:9      | Identified the +10 mace "Z" {flame, rPois} (You found it on level 9 of the Dungeon)
 10424 | D:9      | Reached XP level 11. HP: 59/69 MP: 16/16
 10481 | D:9      | Found a white marble altar of Elyvilon.
 10595 | D:9      | Noticed Voxish's ghost (journeyman KoAr)
 10602 | D:9      | Killed Voxish's ghost
 10602 | D:9      | Reached skill level 11 in Maces & Flails
 10617 | D:9      | Found a blossoming altar of Fedhas.
 10618 | D:9      | Found a snail-covered altar of Cheibriados.
 10793 | D:9      | Found a staircase to the Orcish Mines.
 11100 | D:10     | Entered Level 10 of the Dungeon
 11362 | D:10     | Found a staircase to the Lair.
 11429 | D:10     | Noticed a two-headed ogre
 11431 | D:10     | Killed a two-headed ogre
 11479 | D:10     | Noticed a two-headed ogre
 11485 | D:10     | Noticed a two-headed ogre
 11499 | D:10     | Killed a two-headed ogre
 11508 | D:10     | Killed a two-headed ogre
 11508 | D:10     | Reached skill level 12 in Maces & Flails
 11859 | D:10     | Reached skill level 10 in Fighting
 11859 | D:10     | Reached skill level 10 in Armour
 12066 | D:10     | Noticed a cyclops
 12068 | D:10     | Noticed an unseen horror
 12069 | D:10     | Killed an unseen horror
 12079 | D:10     | Killed a cyclops
 12079 | D:10     | Reached XP level 12. HP: 52/77 MP: 18/18
 12588 | D:11     | Reached **** piety under Qazlal
 13465 | D:11     | Learned a level 2 spell: Blink
 13500 | D:11     | Identified a scroll of acquirement
 13605 | Lair:1   | Entered Level 1 of the Lair of Beasts
 13903 | Lair:1   | Reached skill level 13 in Maces & Flails
 13978 | Lair:1   | Reached skill level 1 in Translocations
 15036 | Lair:2   | Got a shimmering plate armour
 15047 | Lair:2   | Identified the cursed +1 plate armour of the New World {rElec Regen+ Str+6 Dex-4} (You found it on level 2 of the Lair of Beasts)
 15327 | Lair:3   | Noticed a four-headed hydra
 15338 | Lair:2   | Killed a four-headed hydra
 15338 | Lair:2   | Reached XP level 13. HP: 41/84 MP: 17/20
 15454 | Lair:2   | Reached skill level 10 in Invocations
 15602 | Lair:3   | Found a frozen archway.
 15649 | IceCv    | Entered an ice cave
 15865 | IceCv    | Reached ***** piety under Qazlal
 15879 | IceCv    | Noticed a reaper
 15906 | IceCv    | Killed a reaper
 16215 | Lair:3   | Reached skill level 14 in Maces & Flails
 16539 | Lair:3   | Found a hole to the Spider Nest.
 17214 | Lair:4   | Found a staircase to the Shoals.
 17963 | Lair:5   | Gained mutation: Your large and strong wings let you fly indefinitely. [Gargoyle growth]
 17963 | Lair:5   | Reached XP level 14. HP: 47/91 MP: 22/22
 18489 | Lair:5   | Reached skill level 5 in Translocations
 18899 | Lair:6   | Entered Level 6 of the Lair of Beasts
 18963 | Lair:6   | Noticed Nessos
 19258 | Lair:6   | Killed Nessos
 19308 | Lair:6   | Reached skill level 15 in Maces & Flails
 19942 | Lair:6   | Reached skill level 5 in Shields
 20025 | Lair:6   | Found a runed door.
 20027 | Lair:6   | Found a viscous altar of Jiyva.
 20034 | Lair:6   | Found a staircase to the Slime Pits.
 20681 | Orc:1    | Entered Level 1 of the Orcish Mines
 21053 | Orc:2    | Entered Level 2 of the Orcish Mines
 21057 | Orc:2    | Noticed sagitran's ghost (journeyman TeAE)
 21284 | D:12     | Found a white marble altar of Elyvilon.
 21351 | D:12     | Reached XP level 15. HP: 96/97 MP: 23/23
 22266 | D:13     | Got a vibrating lapis lazuli ring
 22268 | D:13     | Identified the ring "Ocoypn" {rPois rC+++ MR++ SInv} (You found it on level 13 of the Dungeon)
 22557 | D:13     | Found Vuitzyi's Jewellery Boutique.
 22857 | D:13     | Got a translucent cloak
 22868 | D:13     | Identified the +2 cloak "Pajoguis" {rC+ Str-5 Dex+4 Stlth+} (You acquired it on level 13 of the Dungeon)
 22931 | D:14     | Reached skill level 16 in Maces & Flails
 23119 | D:14     | Found a labyrinth entrance.
 23179 | D:14     | Found Dyeromep's General Store.
 23187 | D:14     | Bought a scroll of enchant weapon for 97 gold pieces
 23847 | D:14     | Found a gate to the Vaults.
 25092 | Orc:2    | Noticed Saint Roka
 25094 | Orc:2    | Killed sagitran's ghost
 25516 | Orc:1    | Killed Saint Roka
 25632 | Orc:2    | Found a staircase to the Elven Halls.
 25645 | Orc:2    | Reached XP level 16. HP: 93/104 MP: 25/25
 25691 | Orc:2    | Found Fuzim's Antique Weapon Emporium.
 25789 | Orc:2    | Found a roughly hewn altar of Beogh.
 25789 | Orc:2    | Found Veno's Book Emporium.
 25816 | Orc:2    | Bought a book of Spatial Translocations for 975 gold pieces
 25821 | Orc:2    | Learned a level 4 spell: Passage of Golubria
 25825 | Orc:2    | Learned a level 3 spell: Lesser Beckoning
 25930 | Orc:2    | Found a roughly hewn altar of Beogh.
 26013 | Orc:2    | Found a roughly hewn altar of Beogh.
 26027 | Orc:2    | Found Soniunka's Armour Shop.
 26142 | Orc:2    | Found a roughly hewn altar of Beogh.
 26251 | Orc:2    | Found a roughly hewn altar of Beogh.
 26357 | Orc:2    | Found Wiqen's Antique Armour Shoppe.
 26358 | Orc:2    | Found a roughly hewn altar of Beogh.
 26372 | Orc:2    | Bought a shiny plate armour for 546 gold pieces
 26372 | Orc:2    | Bought a pair of embroidered gloves for 157 gold pieces
 26372 | Orc:2    | Bought a pair of runed gloves for 157 gold pieces
 26372 | Orc:2    | Bought a dazzling plate armour for 588 gold pieces
 26383 | Orc:2    | Identified the cursed +0 plate armour "Ekhli" {rF+ Regen+ Int+4 Dex-5} (You bought it in a shop on level 2 of the Orcish Mines)
 26475 | Orc:2    | Bought a +1 cloak of magic resistance for 214 gold pieces
 26530 | Elf:1    | Entered Level 1 of the Elven Halls
 27196 | Shoals:1 | Entered Level 1 of the Shoals
 27211 | Shoals:1 | Noticed Kirke
 27233 | Shoals:1 | Killed Kirke
 28617 | Shoals:2 | Noticed Aizul
 28652 | Shoals:1 | Killed Aizul
 28782 | Shoals:2 | Reached skill level 1 in Dodging
 28782 | Shoals:2 | Reached skill level 1 in Spellcasting
 31007 | Shoals:3 | Found Feipiteh's Assorted Antiques.
 31018 | Shoals:3 | Bought a scroll of blinking for 157 gold pieces
 31018 | Shoals:3 | Bought a potion of haste for 210 gold pieces
 31018 | Shoals:3 | Bought a potion of heal wounds for 105 gold pieces
 31483 | Shoals:4 | Entered Level 4 of the Shoals
 31483 | Shoals:4 | Noticed Ilsuiw
 31885 | Shoals:4 | Noticed Louise
 32239 | Shoals:3 | Reached XP level 17. HP: 87/111 MP: 27/27
 32553 | Shoals:4 | Noticed a kraken
 32604 | Shoals:4 | Found Bankan's Magic Scroll Shoppe.
 32632 | Shoals:4 | Killed Ilsuiw
 33087 | Shoals:4 | Noticed Polyphemus
 33387 | Shoals:3 | Killed Polyphemus
 34000 | Shoals:3 | Killed Louise
 34613 | Shoals:3 | HP: 2/112 [merfolk aquamancer/ball of steam (34)]
 35230 | Shoals:4 | Reached skill level 10 in Shields
 35260 | Shoals:4 | Got a barnacled rune of Zot
 35677 | Shoals:4 | Noticed a kraken
 35697 | Shoals:4 | Slain by a tentacle

Vault maps used:
D:1:      kennysheep_arrival_forest
D:2:      amethyst_killhole
D:3:      nicolae_qazlal_style_of_elements, gup_sewer_entry_bowl, uniq_sigmund,
          uniq_jessica, uniq_ijyb
D:4:      bloody_trog, kennysheep_little_box, first_bread, grunt_decor_fettered
D:5:      fiery_altar_vehumet, tso_altar, lemuel_crystal_altar
D:6:      lemuel_castle_with_subvaults
D:7:      kiku_gazebo_garden_becter, lemuel_crystal_altar,
          nicolae_overflow_hidden_temple, kennysheep_mini_moat,
          minmay_temple_entry_hall, enter_bailey_3, basic_altar
D:8:      gammafunk_temple_overflow_wave, uniq_pikel
D:9:      xom_shifter_show, old_standard_altar, gammafunk_temple_overflow_pools,
          david_orc_4, grunt_livestock, wad_floor_pattern_untrapped
D:10:     minmay_lair_entry_grove
D:12:     basic_altar
D:13:     cheibrodos_elevator_heist, serial_shops, nicolae_shop_waterfront,
          minmay_stone_trees_small
D:14:     hangedman_vaults_entry_quadrant_bands, lab_entry_generic,
          serial_shops, nicolae_shop_temple_entry_statues_fountains,
          grunt_decor_arrowhead
Lair:3:   nicolae_spider_entry_non_spiders, portal_ice_cave_entry_imps,
          grunt_megastairs_1
Lair:4:   elwin_shoals_entry_rocks, dpeg_oklob_1, lemuel_fruit_fields
Lair:5:   serial_bayou_shore_a
Lair:6:   gammafunk_lair_ancient_temple, slime_altar_2,
          kennysheep_abandoned_house, uniq_nessos
Shoals:1: uniq_kirke
Shoals:2: uniq_aizul
Shoals:3: serial_shops, nicolae_shop_overgrown_old_shop
Shoals:4: shoals_end_grunt_ice, shoal_ilsuiw, serial_shops, shop,
          lemuel_centaur_altar, uniq_polyphemus, uniq_louise
Orc:2:    grunt_orc_community_town_hall, grunt_orc_community_big_house_2,
          grunt_orc_community_big_house_1, grunt_orc_community_house_1,
          grunt_orc_community_house_2, grunt_orc_community_house_2,
          grunt_orc_community_house_1
Elf:1:    eino_elf_arrival_sip, kennysheep_underground_church,
          serial_sigils_hangedman_scar, minmay_shoptagon
Sewer:    sewer_co_purgy_island
Bailey:   bailey_axe_3, bailey
IceCv:    ice_cave_small_demon

Skill      XL: |  1  2  3  4  5  6  7  8  9 10 11 12 13 14 15 16 17 |
---------------+----------------------------------------------------+-----
Maces & Flails | 3 4 5 6 7 9 10 12 13 14 15 16 | 16.9
Armour         | 4 5 6 7 8 10 11 12 13 14 | 14.7
Fighting       | 4 5 6 7 8 10 11 12 13 14 | 14.6
Invocations    | 2 3 5 7 8 9 10 11 12 13 14 | 14.0
Translocations | 2 4 5 |  5.0
Shields        | 5 7 9 10 | 10.1
Dodging        | 2 4 |  4.3
Spellcasting   | 3 4 |  4.7

Action                   |  1- 3 |  4- 6 |  7- 9 | 10-12 | 13-15 | 16-18 || total
-------------------------+-------+-------+-------+-------+-------+-------++-------
Melee: Flail             |   108 |   205 |   721 |   853 |   509 |       ||  2396
       Morningstar       |       |       |       |       |  1076 |  1228 ||  2304
       Mace              |       |       |       |       |     6 |       ||     6
Invok: Upheaval          |       |       |     3 |    15 |    13 |     4 ||    35
       Elemental Force   |       |       |     1 |     3 |     5 |     6 ||    15
       Disaster Area     |       |       |       |       |     4 |       ||     4
 Abil: Fly               |       |       |       |       |     1 |       ||     1
  Use: Scroll            |     1 |     8 |     7 |    11 |     9 |     4 ||    40
       Potion            |       |     4 |     1 |     1 |     6 |     2 ||    14
 Stab: Distracted        |       |       |       |       |     2 |     1 ||     3
  Eat: Chunk             |     7 |     7 |    17 |    27 |    31 |    30 ||   119
       Meat ration       |       |       |       |       |       |     1 ||     1
Armor: Scale mail        |    50 |   124 |   313 |    42 |       |       ||   529
       Plate armour      |       |       |       |   354 |  1027 |   780 ||  2161
Dodge: Dodged            |    27 |    93 |   307 |   272 |   580 |   428 ||  1707
       Deflected         |       |       |     2 |    21 |    35 |    62 ||   120
Block: Shield            |    45 |   124 |   404 |   617 |  1509 |   996 ||  3695
       Large shield      |       |       |       |       |       |   330 ||   330

Table legend:
 A = Spawn XP
 B = Non-spawn XP
 C = Spawn XP percentage of total XP
 D = Spawn monster count
 E = Non-spawn monster count
 F = Spawn count percentage of total count
 G = Total turns spent on level
                    A         B        C        D         E        F      G
               +---------+---------+-------+---------+---------+-------+---------
         Total |       0 |  222396 |   0.0 |       0 |    1021 |   0.0 | 35697
               +---------+---------+-------+---------+---------+-------+---------
           D:1 |       0 |      22 |   0.0 |       0 |      13 |   0.0 |   753
           D:2 |       0 |      59 |   0.0 |       0 |      16 |   0.0 |   826
           D:3 |       0 |     526 |   0.0 |       0 |      37 |   0.0 |  1333
           D:4 |       0 |     944 |   0.0 |       0 |      25 |   0.0 |  1601
           D:5 |       0 |    1293 |   0.0 |       0 |      41 |   0.0 |  1373
           D:6 |       0 |    1158 |   0.0 |       0 |      56 |   0.0 |  1174
           D:7 |       0 |    1695 |   0.0 |       0 |      41 |   0.0 |  1372
           D:8 |       0 |    1853 |   0.0 |       0 |      24 |   0.0 |   780
           D:9 |       0 |    3267 |   0.0 |       0 |      41 |   0.0 |  1511
          D:10 |       0 |    8711 |   0.0 |       0 |      47 |   0.0 |  1436
          D:11 |       0 |    4272 |   0.0 |       0 |      43 |   0.0 |  1179
          D:12 |       0 |    5589 |   0.0 |       0 |      36 |   0.0 |  1070
          D:13 |       0 |    8952 |   0.0 |       0 |      41 |   0.0 |   719
          D:14 |       0 |   19464 |   0.0 |       0 |      51 |   0.0 |  1644
        Lair:1 |       0 |    2073 |   0.0 |       0 |      10 |   0.0 |   881
        Lair:2 |       0 |    7774 |   0.0 |       0 |      27 |   0.0 |  1127
        Lair:3 |       0 |    6940 |   0.0 |       0 |      51 |   0.0 |   929
        Lair:4 |       0 |    7475 |   0.0 |       0 |      26 |   0.0 |  1315
        Lair:5 |       0 |   12952 |   0.0 |       0 |      40 |   0.0 |  1387
        Lair:6 |       0 |   15625 |   0.0 |       0 |      49 |   0.0 |  1148
      Shoals:1 |       0 |   14630 |   0.0 |       0 |      28 |   0.0 |  1981
      Shoals:2 |       0 |   13551 |   0.0 |       0 |      25 |   0.0 |  1154
      Shoals:3 |       0 |   42542 |   0.0 |       0 |      70 |   0.0 |  4465
      Shoals:4 |       0 |   18638 |   0.0 |       0 |      31 |   0.0 |   770
         Orc:1 |       0 |   10423 |   0.0 |       0 |      50 |   0.0 |  1117
         Orc:2 |       0 |    5341 |   0.0 |       0 |      60 |   0.0 |  1459
         Elf:1 |       0 |     625 |   0.0 |       0 |       1 |   0.0 |    27
         Sewer |       0 |     157 |   0.0 |       0 |       6 |   0.0 |   259
        Bailey |       0 |    1354 |   0.0 |       0 |      11 |   0.0 |   464
         IceCv |       0 |    4491 |   0.0 |       0 |      24 |   0.0 |   443
               +---------+---------+-------+---------+---------+-------+---------
